 Dungeon Crawl Stone Soup version 0.21-a0-536-gdbbf329 (webtiles) character file.

42 slep the Shield-Bearer (level 3, 0/30 HPs)
             Began as a Formicid Fighter on Dec 15, 2017.
             Killed by divine providence
             ... invoked by an orc priest
              (12 damage)
             ... on level 2 of the Dungeon.
             The game lasted 00:02:47 (987 turns).

slep the Shield-Bearer (Formicid Fighter)            Turns: 987, Time: 00:02:49

Health: 0/30       AC:  8    Str: 20    XL:     3   Next: 80%
Magic:  3/3        EV:  8    Int:  7    God:
Gold:   29         SH:  9    Dex: 11    Spells: 2/2 levels left

rFire    . . .     SeeInvis +   a - +0 war axe
rCold    . . .     Gourm    .   c - +0 shield
rNeg     . . .     Faith    .   b - +0 scale mail
rPois    .         Spirit   .   (helmet unavailable)
rElec    .         Reflect  .   (no cloak)
rCorr    .         Harm     .   (no gloves)
MR       .....                  r - +0 pair of boots
Stlth    ..........             (no amulet)
HPRegen  0.10/turn              (no ring)
MPRegen  0.08/turn              (no ring)

@: no status effects
A: permanent stasis, dig shafts and tunnels, four strong arms, antennae 3
a: Dig, Shaft Self


You were on level 2 of the Dungeon.
You were hungry.

You visited 1 branch of the dungeon, and saw 2 of its levels.

You collected 29 gold pieces.

Inventory:

Hand Weapons
 a - a +0 war axe (weapon)
Missiles
 j - 2 throwing nets (quivered)
Armour
 b - a +0 scale mail (worn)
 c - a +0 shield (worn)
 r - a +0 pair of boots (worn)
Scrolls
 e - a scroll of remove curse {unknown}
 k - 2 scrolls of enchant armour {unknown}
 l - 4 scrolls of identify {unknown}
 m - a scroll of fear {unknown}
 q - a scroll of enchant weapon {unknown}
 s - a scroll of noise {unknown}
Potions
 d - a potion of might
 g - a potion of ambrosia {unknown}
 h - 2 potions of curing {unknown}
 i - a potion of heal wounds {unknown}
 n - 3 potions of degeneration {unknown}
 o - a potion of brilliance {unknown}
 p - a potion of flight {unknown}
Comestibles
 f - a bread ration


   Skills:
 + Level 3.7 Fighting
 + Level 2.7 Axes
 + Level 3.5 Armour
 + Level 4.2 Shields


You had 2 spell levels left.
You didn't know any spells.

Dungeon Overview and Level Annotations

Branches:
Dungeon (2/15)

Altars:


Innate Abilities, Weirdness & Mutations

You cannot be hasted, slowed, berserked, paralysed or teleported.
You can dig through walls and to a lower floor.
Your four strong arms can wield two-handed weapons with a shield.
You have a pair of large antennae on your head. (SInv)


Message History

You hit the orc.
The orc is severely wounded.
You slash the orc priest! The orc hits you but does no damage.
The orc priest closely misses you.
You hit the orc.
You kill the orc!
You hit the orc priest. The bat hits you but does no damage.
The orc priest hits you but does no damage.
You hit the orc priest.
The orc priest is almost dead.
You closely miss the orc. The orc hits you with a club.
The orc priest hits you but does no damage.
You closely miss the orc priest.
The orc priest is almost dead.
You barely miss the orc. The orc closely misses you.
The orc priest hits you with a falchion.
You block the orc's attack.
The orc priest mumbles some strange prayers to Beogh against you.
Beogh smites you!
You die...

....### .......
....... ####
....... ..#
....... # #.#
K......
#.##.##o.......
#.....@ob......
####.########.#
#.# #.##### #.#
#.##..
#.########.##.#
#.......#...#(##.#
#.....#..........#
#.#...#....†.#.###
#.##........###.#


You could see an orc priest, an orc, a bat and a kobold.

Vanquished Creatures
  An ooze (D:1)
  A worm (D:2)
  A dart slug (D:1)
  A leopard gecko (D:1)
  An orc (D:2)
  3 bats (D:1)
  A giant cockroach (D:1)
  4 goblins
  2 hobgoblins (D:1)
  3 jackals (D:1)
  2 frilled lizards (D:1)
  6 kobolds (D:1)
  5 rats (D:1)
31 creatures vanquished.

Notes
Turn   | Place    | Note
-------+----------+-------------------------------------------
     0 | D:1      | slep the Formicid Fighter began the quest for the Orb.
     0 | D:1      | Reached XP level 1. HP: 18/18 MP: 1/1
    85 | D:1      | Reached skill level 4 in Shields
    85 | D:1      | Reached XP level 2. HP: 17/24 MP: 2/2
   408 | D:1      | Reached XP level 3. HP: 29/30 MP: 3/3
   987 | D:2      | Killed from afar by an orc priest

Vault maps used:
D:1:      kennysheep_arrival_forest
D:2:      tso_altar, nicolae_qazlal_general_emergency, tgw_trog, first_bread

Skill      XL: |  1 |
---------------+----+-----
Shields        | 4 |  4.2
Fighting       | |  3.7
Axes           | |  2.7
Armour         | |  3.5

Action                   || total
-------------------------++-------
Melee: War axe           ||   114
Armor: Scale mail        ||    56
Dodge: Dodged            ||    42
Block: Shield            ||    63

Table legend:
 A = Spawn XP
 B = Non-spawn XP
 C = Spawn XP percentage of total XP
 D = Spawn monster count
 E = Non-spawn monster count
 F = Spawn count percentage of total count
 G = Total turns spent on level
                    A         B        C        D         E        F      G
               +---------+---------+-------+---------+---------+-------+---------
         Total |       0 |      61 |   0.0 |       0 |      31 |   0.0 |   987
               +---------+---------+-------+---------+---------+-------+---------
           D:1 |       0 |      49 |   0.0 |       0 |      27 |   0.0 |   899
           D:2 |       0 |      12 |   0.0 |       0 |       4 |   0.0 |    88
               +---------+---------+-------+---------+---------+-------+---------
